AoeStats
← LethalHubris

African Clearing

511446414Analyzed
2v2 RM · 13d ago on Oct 5, 2026· 28m 12s· 4 players
Game mode
Random Map
Map size
Medium (4 player)
Population
200
Speed
Normal
Resources
Standard
Victory
Conquest
Starting age
Dark Age
Ending age
Imperial Age
RankedLock teamsTeams togetherTeam positionsShared explorationLock speedFull tech treeHidden civsTurbo modeCheats
Victory
Defeat
🇨🇱 Koreans · Chile
1374
+10
🇺🇸 Cumans · United States
1327
+12
vs
🇺🇸 Turks · United States
1240
-11
🇺🇸 Danes · United States
1228
-11
_EXTERMINATION_
3:28 Loom
11:51 Feudal Age
12:25 Double-Bit Axe
24:08 Castle Age
22:23 Horse Collar
22:51 Fletching
24:18 Padded Archer Armor
24:30 Bloodlines
25:14 Wheelbarrow
24:25 Town Watch
25:07 Bow Saw
25:00 Bodkin Arrow
Gabon
9:46 Loom
12:00 Feudal Age
12:45 Double-Bit Axe
14:37 Fletching
24:33 Castle Age
26:24 Bodkin Arrow
26:21 Town Watch
26:49 Bow Saw
27:40 Crossbowman
LethalHubris
10:51 Loom
13:40 Feudal Age
17:33 Castle Age
19:18 Double-Bit Axe
25:15 Stone Mining
26:11 Town Watch
Stonefoot28
4:01 Loom
14:13 Feudal Age
16:15 Double-Bit Axe
18:33 Horse Collar
26:32 Castle Age
Connection lost

Rejoining the realm…

Still unreachable

The connection could not be restored.

Session expired

The server has moved on; the page needs a fresh start.